 Dungeon Crawl Stone Soup version 0.30-a0-860-g512cf1e979 (webtiles) character file.

Game seed: 14913703187653677407

83066 Essalna the Devastator (level 15, -8/103 HPs)
             Began as a Gargoyle Fire Elementalist on Mar 8, 2023.
             Was a High Priest of Vehumet.
             Mangled by an ironbound frostheart (46 damage)
             ... in an ice cave.
             The game lasted 01:00:50 (27827 turns).

Essalna the Devastator (GrFE)                      Turns: 27827, Time: 01:00:51

Health: -8/103     AC: 30    Str: 13    XL:     15   Next: 75%
Magic:  21/25      EV: 10    Int: 39    God:    Vehumet [*****.]
Gold:   901        SH:  0    Dex: 10    Spells: 10/28 levels left

rFire   + + .      SeeInvis .    n - staff of fire
rCold   x . .      Faith    .    (no shield)
rNeg    + + .      Spirit   .    y - +1 scale mail of Leerph {rN+ rCorr Int+5}
rPois   ∞          Reflect  .    C - +1 helmet
rElec   +          Rampage  .    I - +2 cloak of Fill {Will+ Int+3}
rCorr   +                        m - +0 pair of gloves
Will    ++...                    a - +0 pair of boots of Gytotsone {rPois Regen+} Stlth
                                 D - amulet "Gahipp" {RegenMP Int+3}
HPRegen 1.17/turn                v - ring of fire
MPRegen 0.59/turn                d - +6 ring of intelligence

@: frozen, flying, very slow
A: sickness immunity, AC +11, big wings, negative energy resistance 1,
electricity resistance, torment resistance 1, petrification resistance
a: Renounce Religion


You were in an ice cave.
You worshipped Vehumet.
Vehumet was extremely pleased with you.
You visited 4 branches of the dungeon, and saw 23 of its levels.
You also visited: Sewer, Bailey and Ice Cave.

You collected 1961 gold pieces.
You spent 1060 gold pieces at shops.

Inventory:

Hand Weapons
 G - a +3 dagger of venom
Armour
 a - the +0 pair of boots of Gytotsone (worn) {rPois Regen+}
   (You acquired it on level 11 of the Dungeon)

   rPois:     It protects you from poison.
   Regen:     It increases your rate of health regeneration.
 m - a +0 pair of gloves (worn)
 q - a +2 leather armour of fire resistance
 y - the +1 scale mail of Leerph (worn) {rN+ rCorr Int+5}
   (You found it on level 4 of the Dungeon)

   Int:       It affects your intelligence (+5).
   rN:        It protects you from negative energy.
   rCorr:     It protects you from acid and corrosion.
 z - a +2 cloak of preservation
 C - a +1 helmet (worn)
 I - the +2 cloak of Fill (worn) {Will+ Int+3}
   (You found it on level 6 of the Dungeon)

   Int:       It affects your intelligence (+3).
   Will:      It increases your willpower.
 W - a +0 buckler
 Z - a +0 troll leather armour
Magical Staves
 n - a staff of fire (weapon)
 X - a staff of conjuration
Jewellery
 d - a +6 ring of intelligence (right hand)
 v - a ring of fire (left hand)
 D - the amulet "Gahipp" (around neck) {RegenMP Int+3}
   (You acquired it on level 11 of the Dungeon)

   [amulet of magic regeneration]

   It increases your rate of magic regeneration.
   Int:       It affects your intelligence (+3).
 U - an amulet of reflection
 Y - a ring of protection from cold
Wands
 x - a wand of mindburst (35)
 B - a wand of digging (10)
 H - a wand of iceblast (9)
Scrolls
 b - 5 scrolls of enchant armour
 c - 3 scrolls of magic mapping
 i - 5 scrolls of poison
 l - 5 scrolls of immolation
 o - 5 scrolls of teleportation
 s - 2 scrolls of vulnerability {unknown}
 u - 3 scrolls of silence {unknown}
 J - 4 scrolls of fog {unknown}
 M - 4 scrolls of blinking
 O - 4 scrolls of amnesia
 P - 4 scrolls of fear
 Q - 2 scrolls of enchant weapon {unknown}
 R - a scroll of butterflies {unknown}
 V - a scroll of brand weapon {unknown}
Potions
 e - 6 potions of attraction
 f - a potion of flight
 g - 5 potions of heal wounds
 h - 5 potions of invisibility
 k - 9 potions of curing
 p - a potion of berserk rage
 r - 4 potions of brilliance
 t - 4 potions of lignification
 w - a potion of ambrosia
 E - a potion of resistance
 K - a potion of cancellation
 L - 5 potions of haste
 S - 4 potions of mutation
 T - 5 potions of might {unknown}


   Skills:
 + Level 15.3 Fighting
 - Level 12.0 Armour
 + Level 2.9 Dodging
 - Level 2.1 Stealth
 - Level 7.0 Spellcasting
 + Level 15.4 Conjurations
 + Level 14.4 Fire Magic


You had 10 spell levels left.
You knew the following spells:

 Your Spells              Type           Power      Damage    Failure   Level
a - Foxfire               Conj/Fire      100%       2x1d9     0%          1
b - Scorch                Fire           100%       2d10      1%          2
c - Flame Wave            Conj/Fire      100%       2d21      1%          4
d - Fireball              Conj/Fire      69%        3d26      1%          5
e - Iron Shot             Conj/Erth      32%        9d7       14%         6

Your spell library contained the following spells:

 Spells                   Type           Power      Damage    Failure   Level
 Kiss of Death            Conj/Necr      100%       2d13      1%          1
 Dazzling Flash           Conj/Hex       100%       N/A       1%          3
 Hailstorm                Conj/Ice       65%        3d14      1%          3
 Ignite Poison            Fire/Tmut/Pois 86%        N/A       1%          3
 Inner Flame              Hex/Fire       100%       N/A       1%          3
 Kindle Blastsparks       Fire/Tloc/Air  100%       2d18      1%          3
 Fulminant Prism          Conj/Hex       32%        3d16      1%          4
 Iskenderun's Mystic Bla  Conj/Tloc      65%        2d13      1%          4
 Starburst                Conj/Fire      69%        6d18      1%          6
 Irradiate                Conj/Tmut      32%        3d22      2%          5
 Freezing Cloud           Conj/Ice/Air   26%        6-21      8%          5
 Necrotise                Necr           52%        1d6       9%          1
 Ensorcelled Hibernation  Hex/Ice        26%        N/A       12%         2
 Olgreb's Toxic Radiance  Pois           13%        N/A       21%         4
 Confusing Touch          Hex            13%        N/A       24%         3
 Spider Form              Tmut/Pois      13%        N/A       24%         3
 Vampiric Draining        Necr           13%        2d6       24%         3
 Ignition                 Fire           68%        3d18      34%         8
 Lee's Rapid Deconstruct  Erth           6%         3d6*      47%         5
 Anguish                  Hex/Necr       6%         N/A       63%         4
 Dispel Undead            Necr           13%        3d9       63%         4
 Agony                    Necr           13%        N/A       92%         5
 Death Channel            Necr           6%         N/A       100%        6
 Enfeeble                 Hex            6%         N/A       100%        7
 Ozocubu's Refrigeration  Ice            6%         4d8       100%        7
 Cigotuvi's Dreadful Rot  Necr/Pois/Air  Unusable   N/A       N/A         2

Dungeon Overview and Level Annotations

Branches:
Dungeon (15/15)            Temple (1/1) D:5            Lair (5/5) D:8
 Shoals (0/4) Lair:2       Spider (0/4) Lair:2        Slime (0/5) Lair:4
    Orc (2/2) D:12            Elf (0/3) Orc:2        Vaults (0/5) D:13
  Sewer (visited)          Bailey (visited)           IceCv (1/1)
 Depths: D:15

Altars:
Ashenzari
Cheibriados
Gozag
Hepliaklqana
Kikubaaqudgha
Makhleb
Okawaru
Qazlal
Ru
Sif Muna
Trog
Uskayaw
Vehumet
Wu Jian
Xom
Yredelemnul
Zin
The Shining One
Jiyva

Shops:
D:8 [   D:14 (   Orc:2 [*:?=

Annotations:
D:3 1 runed translucent door, Pascal76's ghost, amateur MiBe
D:7 1 runed translucent door, Oxelix's ghost, novice TrFi
D:13 1 runed translucent door, ho4mwr's ghost, journeyman MiGl
Lair:1 3 runed translucent doors, svtm's ghost, journeyman MiBe


Innate Abilities, Weirdness & Mutations

You are immune to sickness and miasma.
Your stone body is resilient. (AC +11)
You are immune to poison.
Your large and strong wings let you fly.
You resist negative energy. (rN+)
You are resistant to electric shocks. (rElec)
You are resistant to unholy torment.
You are immune to petrification.


Message History

The white draconian hits you with a +0 morningstar of freezing.
The white draconian freezes you.
A wave of flame ripples out!
The flame wave engulfs the white draconian.
The white draconian is burned terribly!
The white draconian is heavily wounded.
You hear a horrible gurgling sound!
An ironbound frostheart comes into view.
The white draconian breathes frost at you.
The blast of cold hits you!!
You feel a terrible chill!
A wave of flame ripples out!
The flame wave engulfs the white draconian!!!
The white draconian is burned terribly!
The white draconian is almost dead.
The flame wave engulfs the ironbound frostheart!
The ironbound frostheart is moderately wounded.
The white draconian breathes frost at you.
The blast of cold hits you.
You feel a terrible chill!
A wave of flame ripples out!
The flame wave engulfs the ironbound frostheart!
The ironbound frostheart is moderately wounded.
The flame wave engulfs the white draconian!!
The white draconian is burned terribly!
You kill the white draconian!
Vehumet accepts your kill.
You feel your power returning.
You finish channelling waves of flame.
The ironbound frostheart calls freezing cold from the walls.
The frost grips you!
You feel a terrible chill!
You are encased in ice.
Casting: Flame Wave (safe; 1% risk of failure)
Confirm with . or Enter, or press ? or * to list all spells.
Casting: Flame Wave (safe; 1% risk of failure)
Press: ? - help, Dir - look around, f - activate You feel a strong surge of power!
A wave of flame ripples out!
The flame wave engulfs the ironbound frostheart!!
The ironbound frostheart is almost dead. (Press . to intensify the flame waves.)
The ironbound frostheart touches you! The ironbound frostheart freezes you!!!
You feel a terrible chill!
You die...

# #### #.
##..#### .p
##.#....### #!
##.#.#.#...# #.
##...######.###
#.#)@### #...#
#p.p## ##..##
##.## #...# ##
##.### #..#
##..# ##...#
##...## ####
##....#


You could see 2 ironbound frosthearts.

Vanquished Creatures
  An ironbound preserver (D:13)
  A white draconian (IceCv)
  Josephine (Lair:5)
  3 ice dragons (IceCv)
  3 hydras
  4 ogre magi (Orc:2)
  Erica (D:10)
  A catoblepas (D:15)
  19 two-headed ogres
  6 centaur warriors
  6 boulder beetles
  2 skysharks
  Nergalle (D:11)
  3 skeletal warriors (D:13)
  A wizard (D:14)
  Pikel (D:7)
  An orc knight (Orc:1)
  3 deep elf pyromancers
  5 manticores
  15 ugly things
  5 cyclopes
  9 centaur zombies (D:10)
  An ice statue (D:15)
  4 black mambas
  8 cane toads
  2 unseen horror zombies (D:10)
  2 gargoyles
  2 kobold demonologists
  6 rime drakes
  2 unseen horrors
  An efreet (D:12)
  10 komodo dragons
  6 trolls
  5 polar bears
  A hornet (D:9)
  Prince Ribbit (D:8)
  9 blink frogs
  Grinder (D:4)
  5 dream sheep (Lair:5)
  A slime creature (D:13)
  3 shadows
  5 wyverns
  9 spriggans (Bailey)
  5 vampires
  21 yaks
  9 wraiths
  5 basilisks
  5 vampire mosquitoes
  5 steam dragons
  3 wargs
  A warg (shapeshifter) (D:13)
  An acid dragon (D:11)
  8 water moccasins
  3 sky beasts
  18 orc warriors
  2 ice beasts
  5 black bears
  27 ogres
  3 boggarts (D:14)
  8 centaurs
  4 phantoms
  2 lemures (D:7)
  A kobold brigand (D:8)
  11 bullfrogs
  6 scorpions
  17 wights
  11 killer bees
  5 howler monkeys
  Crazy Yiuf (D:4)
  2 hounds (D:5)
  3 jellies
  5 gnoll boudas
  13 orc priests
  Ijyb (D:5)
  6 iguanas
  Natasha (D:4)
  29 orc wizards
  7 hell rats
  A boggart simulacrum (D:15)
  44 gnolls
  6 river rats
  7 adders
  2 shadow imps
  2 ufetubi
  4 worms
  2 dart slugs
  70 orcs
  11 bats
  7 endoplasms
  10 giant cockroaches
  10 goblins
  9 hobgoblins
  6 jackals
  12 kobolds
  3 quokkas
  2 frilled lizards (D:1)
  11 rats
649 creatures vanquished.

Vanquished Creatures (collateral kills)
  29 foxfires
29 creatures vanquished.

Vanquished Creatures (others)
  5 demonic plants (D:1)
  1636 foxfires
  34 fungi
  47 plants
  3 withered plants (D:1)
1725 creatures vanquished.

Grand Total: 2403 creatures vanquished

Notes
Turn   | Place    | Note
-------+----------+-------------------------------------------
     0 | D:1      | Essalna the Gargoyle Fire Elementalist began the quest for
                  | the Orb.
     0 | D:1      | Reached XP level 1. HP: 10/10 MP: 3/3
    27 | D:1      | Reached XP level 2. HP: 7/16 MP: 0/5
   116 | D:1      | Reached skill level 1 in Fighting
   460 | D:1      | Reached XP level 3. HP: 20/20 MP: 2/6
   634 | D:1      | Found a faded altar of an unknown god.
  1231 | D:2      | Learned a level 2 spell: Scorch
  1554 | D:2      | Reached XP level 4. HP: 26/26 MP: 2/7
  2153 | D:3      | Found a runed translucent door.
  2153 | D:3      | Noticed Pascal76's ghost (amateur MiBe)
  2214 | D:3      | Found a glowing drain.
  2224 | Sewer    | Entered a sewer
  2312 | Sewer    | Reached XP level 5. HP: 31/31 MP: 3/8
  3051 | D:5      | Entered Level 5 of the Dungeon
  3158 | D:3      | Reached XP level 6. HP: 30/37 MP: 4/9
  3496 | D:3      | Learned a level 4 spell: Flame Wave
  3899 | D:4      | Identified the +1 scale mail of Leerph {rN+ rCorr Int+5}
  4042 | D:4      | Found a snail-covered altar of Cheibriados.
  4203 | D:4      | Noticed Grinder
  4517 | D:4      | Reached skill level 1 in Armour
  4517 | D:4      | Reached XP level 7. HP: 43/43 MP: 6/10
  4672 | D:4      | Noticed Natasha
  4675 | D:4      | Killed Natasha
  4795 | D:4      | Killed Grinder
  4796 | D:4      | Reached skill level 5 in Fire Magic
  4971 | D:4      | Found a runed translucent door.
  4972 | D:4      | Noticed Crazy Yiuf
  4979 | D:4      | Killed Crazy Yiuf
  5094 | D:5      | Reached skill level 5 in Conjurations
  5239 | D:5      | Reached skill level 5 in Fighting
  5239 | D:5      | Reached XP level 8. HP: 49/49 MP: 2/11
  5478 | D:5      | Found a broken altar of Ashenzari.
  5668 | D:5      | Noticed Ijyb
  5674 | D:5      | Killed Ijyb
  5792 | D:5      | Found a staircase to the Ecumenical Temple.
  5813 | Temple   | Entered the Ecumenical Temple
  5850 | Temple   | Became a worshipper of Vehumet
  6647 | D:6      | Reached XP level 9. HP: 50/55 MP: 3/12
  6945 | D:6      | Reached * piety under Vehumet
  6945 | D:6      | Offered knowledge of Shock by Vehumet.
  6976 | D:6      | Reached skill level 5 in Armour
  7101 | D:6      | Identified the +2 cloak of Fill {Will+ Int+3}
  7702 | D:6      | Found a shimmering blue altar of Sif Muna.
  8052 | D:7      | Found a bloodstained altar of Trog.
  8142 | D:7      | Found an opulent altar of Gozag.
  8714 | D:7      | Noticed Pikel
  8739 | D:6      | Reached ** piety under Vehumet
  8956 | D:7      | Killed Pikel
  8957 | D:7      | Reached XP level 10. HP: 43/64 MP: 1/13
  9227 | D:7      | Found a runed translucent door.
  9237 | D:7      | Offered knowledge of Freeze by Vehumet.
  9240 | D:7      | Noticed Oxelix's ghost (novice TrFi)
  9806 | D:8      | Noticed Prince Ribbit
  9825 | D:8      | Killed Prince Ribbit
 10046 | D:8      | Offered knowledge of Momentum Strike by Vehumet.
 10258 | D:8      | Reached *** piety under Vehumet
 10712 | D:8      | Offered knowledge of Sticky Flame by Vehumet.
 10804 | D:8      | Found a staircase to the Lair.
 10857 | D:8      | Found Jommui's Armour Boutique.
 11137 | Lair:1   | Entered Level 1 of the Lair of Beasts
 11229 | Lair:1   | Noticed a cane toad
 11237 | Lair:1   | Killed a cane toad
 11592 | Lair:1   | Found a runed translucent gate.
 11593 | Lair:1   | Found a runed translucent gate.
 11593 | Lair:1   | Noticed a minotaur
 11595 | Lair:1   | Found a runed translucent gate.
 11597 | Lair:1   | Noticed svtm's ghost (journeyman MiBe)
 11620 | Lair:1   | Reached XP level 11. HP: 71/71 MP: 8/14
 12098 | Lair:2   | Noticed a five-headed hydra
 12107 | Lair:2   | Killed a five-headed hydra
 12590 | Lair:2   | Found a hole to the Spider Nest.
 12714 | Lair:2   | Got the Quarto of Algor and Shapeshifting
 12755 | Lair:2   | Found a staircase to the Shoals.
 12771 | Lair:2   | Reached skill level 10 in Conjurations
 13441 | Lair:3   | Noticed a skyshark
 13532 | Lair:3   | Identified the +0 ring mail of the Heavens {Harm +Blink rN+
                  | Stlth-}
 13546 | Lair:3   | Reached skill level 10 in Fighting
 13634 | Lair:3   | Learned a level 5 spell: Fireball
 13705 | Lair:3   | Killed a skyshark
 13705 | Lair:3   | Reached **** piety under Vehumet
 13855 | Lair:3   | Reached skill level 10 in Fire Magic
 14717 | Lair:4   | Reached XP level 12. HP: 60/78 MP: 12/15
 14719 | Lair:4   | Noticed a skyshark
 14836 | Lair:4   | Offered knowledge of Lightning Bolt by Vehumet.
 14882 | Lair:4   | Reached skill level 10 in Armour
 15216 | Lair:4   | Found a runed translucent door.
 15217 | Lair:4   | Found a viscous altar of Jiyva.
 15217 | Lair:4   | Found a staircase to the Slime Pits.
 15482 | Lair:4   | Noticed a boulder beetle
 15499 | Lair:4   | Killed a boulder beetle
 15778 | Lair:4   | Killed a skyshark
 16422 | Lair:5   | Entered Level 5 of the Lair of Beasts
 16568 | Lair:5   | Noticed a seven-headed hydra
 16584 | Lair:5   | Killed a seven-headed hydra
 17481 | Lair:5   | Noticed Josephine
 17551 | Lair:5   | Killed Josephine
 17689 | Lair:5   | Reached XP level 13. HP: 85/85 MP: 13/16
 18324 | D:9      | Reached ***** piety under Vehumet
 18324 | D:9      | Offered knowledge of Orb of Destruction by Vehumet.
 18396 | D:9      | Found a hide-covered altar of Uskayaw.
 18738 | D:9      | Found a hazy altar of Hepliaklqana.
 19077 | D:9      | Found an iron altar of Okawaru.
 19311 | D:10     | Entered Level 10 of the Dungeon
 19370 | D:10     | Found a flagged portal.
 19380 | Bailey   | Entered a bailey
 19869 | D:10     | Noticed Erica
 19877 | D:10     | Killed Erica
 20130 | D:11     | Noticed Nergalle
 20416 | D:10     | Found a sacrificial altar of Ru.
 20810 | D:10     | Found a basalt altar of Yredelemnul.
 20859 | D:10     | You fall into a shaft and drop 3 floors!
 20909 | D:13     | Found a gate to the Vaults.
 20909 | D:13     | Noticed an ironbound preserver
 21025 | D:13     | Found a stormy altar of Qazlal.
 21211 | D:13     | Found a runed translucent door.
 21211 | D:13     | Found a shimmering altar of Xom.
 21211 | D:13     | Noticed ho4mwr's ghost (journeyman MiGl)
 21238 | D:13     | Gained mutation: Your large and strong wings let you fly.
                  | [Gargoyle growth]
 21238 | D:13     | Reached XP level 14. HP: 94/94 MP: 9/20
 21255 | D:13     | Offered knowledge of Conjure Ball Lightning by Vehumet.
 21477 | D:12     | Reached skill level 5 in Spellcasting
 22014 | D:11     | Identified 4 scrolls of acquirement
 22014 | D:11     | Acquired the +0 pair of boots of Gytotsone {rPois Regen+}
 22029 | D:11     | Acquired a staff of conjuration
 22033 | D:11     | Acquired the amulet "Gahipp" {RegenMP Int+3}
 22051 | D:11     | Acquired a staff of fire
 22126 | D:11     | Killed Nergalle
 22737 | D:12     | Found a staircase to the Orcish Mines.
 22755 | Orc:1    | Entered Level 1 of the Orcish Mines
 23005 | Orc:2    | Entered Level 2 of the Orcish Mines
 23152 | Orc:1    | Offered knowledge of Iron Shot by Vehumet.
 23160 | Orc:1    | Learned a level 6 spell: Iron Shot
 23773 | Orc:2    | Found Pacsaim's Jewellery Emporium.
 23776 | Orc:2    | Found a staircase to the Elven Halls.
 24141 | Orc:2    | Reached XP level 15. HP: 100/100 MP: 7/25
 24223 | Orc:2    | Found Ydyxifed's Antique Armour Shoppe.
 24223 | Orc:2    | Found Owye's General Store.
 24224 | Orc:2    | Found Waqun's Book Boutique.
 24224 | Orc:2    | Found Icipaluc's Magic Scroll Emporium.
 24232 | Orc:2    | Bought the Unrestrained Analects for 748 gold pieces
 24237 | Orc:2    | Bought a scroll of fear for 64 gold pieces
 24237 | Orc:2    | Bought a scroll of fear for 64 gold pieces
 24237 | Orc:2    | Bought a scroll of fear for 64 gold pieces
 24237 | Orc:2    | Bought a scroll of blinking for 120 gold pieces
 26488 | D:14     | Reached skill level 15 in Conjurations
 26515 | D:14     | Found Pustruzeo's Weapon Shop.
 26720 | D:14     | Reached skill level 15 in Fighting
 26931 | D:14     | Found an ornate altar of the Wu Jian Council.
 27328 | D:15     | Entered Level 15 of the Dungeon
 27709 | D:15     | Found a frozen archway.
 27720 | IceCv    | Entered an ice cave
 27827 | IceCv    | Mangled by an ironbound frostheart

Illustrated notes

Levels and vault maps discovered:
D:1:      grunt_arrival_crossed_arrows, layout_basic,
          shapermc_ecumenical_altar_gd, nicolae_titane
D:2:      layout_loops_cross
D:3:      layout_loops_ring, ebering_ghost_sewer_d,
          cheibrodos_sewer_entry_sluice, hangedman_decor_growths
D:4:      layout_loops_ring, old_standard_altar, uniq_grinder, uniq_natasha,
          uniq_crazy_yiuf_cottage
D:5:      layout_basic, minmay_temple_entry_statues_pillars,
          minmay_ruined_shrine, uniq_ijyb
D:6:      layout_cave_pods, led_sif_book
D:7:      layout_gridville, nicolae_overflow_crystal_walls,
          trog_ov_bears_minmay, ebering_ghost_reflecting_pool, uniq_pikel
D:8:      layout_basic, grunt_lair_entry_orc_guard_hut, serial_shops,
          nicolae_shop_statue_plus, uniq_prince_ribbit1
D:9:      minmay_octagon_keep, layout_loops_cross, okawaru_altar_gauntlet_db,
          mainiacjoe_overflow_chevrons, lemuel_crystal_altar, grunt_ogre_cave
D:10:     layout_big_octagon, marbit_many_paths,
          nicolae_yredelemnul_corpse_copse, enter_bailey_4,
          nicolae_zen_rock_garden, uniq_erica
D:11:     minmay_general_purpose_star, layout_rooms, minmay_puff, uniq_nergalle
D:12:     layout_basic, david_orc_2, hangedman_batty
D:13:     layout_basic, skrybe_vaults_entry_preservation, ebering_ghost_xom,
          grunt_ministairs_5, grunt_qazlal_clouds
D:14:     layout_layer_cave, serial_shops, nicolae_shop_bloodbath_and_beyond,
          kennysheep_pointless_box, nzn_wu_jian_contemplation
D:15:     grunt_enter_depths_hoard, layout_basic, hangedman_decor_peaks_small,
          portal_ice_cave_entry_ice_statue_one
Temple:   cyrus_circular_temple
Lair:1:   layout_chaotic_city, maelrawn_ghost_gauntlet_escape,
          minmay_hedge_maze, st_stairs_12, serial_bayou_ford_a
Lair:2:   layout_cave_pods, elwin_shoals_entry_rocks, dummy_spider_entry,
          infiniplex_staircase_pool_2
Lair:3:   layout_misc_corridors
Lair:4:   layout_regular_city, slime_entry_2, wad_woods_road_03,
          grunt_megastairs_4, serial_bayou_shore_b, infiniplex_staircase_pool
Lair:5:   cheibrodos_lair_end_hotspot, layout_hall_layers, serial_bayou_shore_b,
          uniq_josephine
Orc:1:    layout_diamond_mine, basic_altar
Orc:2:    st_orc_ogre_mass, layout_diamond_mine, serial_shops,
          nicolae_shop_statue_plus
IceCv:    ice_cave_small_giant

Skill      XL: |  1  2  3  4  5  6  7  8  9 10 11 12 13 14 15 |
---------------+----------------------------------------------+-----
Fighting       | 1 2 3 4 5 6 7 9 10 11 13 14 15 | 15.3
Conjurations   | 2 3 4 5 6 7 9 10 12 13 14 15 | 15.4
Fire Magic     | 4 5 6 7 9 10 11 12 13 14 | 14.4
Armour         | 1 3 4 6 8 9 11 12 | 12.0
Spellcasting   | 4 6 7 |  7.0
Dodging        | 2 |  2.9
Stealth        | |  2.1

Action                     |  1- 3 |  4- 6 |  7- 9 | 10-12 | 13-15 || total
---------------------------+-------+-------+-------+-------+-------++-------
  Melee: Spear             |    42 |    18 |       |       |       ||    60
         Whip              |       |    43 |    42 |   100 |       ||   185
         Punch             |       |       |       |     3 |     1 ||     4
         Dagger            |       |       |       |    50 |    99 ||   149
         Staff             |       |       |       |       |    13 ||    13
   Cast: Foxfire           |    52 |   141 |   248 |   290 |   221 ||   952
         Scorch            |     3 |    14 |    25 |    99 |   107 ||   248
         Flame Wave        |       |       |       |    24 |    54 ||    78
         Fireball          |       |       |       |     1 |   141 ||   142
         Iron Shot         |       |       |       |       |     1 ||     1
    Use: Scroll            |       |     2 |       |     2 |    24 ||    28
         Potion            |       |       |       |     2 |     1 ||     3
   Stab: Sleeping          |       |     2 |       |       |       ||     2
 Armour: Robe              |    18 |    33 |    26 |       |       ||    77
         Scale mail        |       |       |    58 |   262 |   289 ||   609
  Dodge: Dodged            |    27 |    54 |    52 |   183 |   174 ||   490
  Block: Other             |       |       |       |       |    50 ||    50
         Reflection        |       |       |       |       |     4 ||     4

Table legend: (Time is in decaauts)
 A = Elapsed time spent in this place.
 B = Non-inter-level travel time spent in this place.
 C = Inter-level travel time spent in this place.
 D = Time resting spent in this place.
 E = Time spent auto-exploring this place.
 F = Levels seen in this place.
 G = Mean time per level.
                   A        B        C        D        E       F      G
               +--------+--------+--------+--------+--------+-----+--------+
         Total |  27930 |  26627 |   1303 |   1471 |  20734 |  26 | 1074.2 |
       Dungeon |  18035 |  17299 |    736 |    526 |  13707 |  15 | 1202.3 |
        Temple |     42 |     38 |      4 |      0 |     31 |   1 |   42.0 |
          Lair |   7054 |   6652 |    402 |    910 |   4924 |   5 | 1410.8 |
  Orcish Mines |   1786 |   1626 |    160 |     35 |   1298 |   2 |  893.0 |
         Sewer |    403 |    403 |      0 |      0 |    329 |   1 |  403.0 |
        Bailey |    501 |    501 |      0 |      0 |    369 |   1 |  501.0 |
      Ice Cave |    106 |    106 |      0 |      0 |     75 |   1 |  106.0 |
               +--------+--------+--------+--------+--------+-----+--------+

Top non-repeatable levels by time:
  Lair:4: 2060 daAuts
     D:7: 1649 daAuts
  Lair:3: 1575 daAuts
  Lair:2: 1464 daAuts
     D:6: 1440 daAuts
     D:8: 1415 daAuts
     D:4: 1411 daAuts
    D:12: 1371 daAuts
    D:13: 1346 daAuts
     D:5: 1328 daAuts
     D:3: 1286 daAuts
     D:9: 1250 daAuts
   Orc:2: 1204 daAuts
     D:1: 1176 daAuts
    D:14: 1142 daAuts
